 Dungeon Crawl Stone Soup version 0.17-a0-1849-g8a24fa2 (webtiles) character file.

56 Enno the Grave Robber (level 3, -1/28 HPs)
             Began as a Deep Dwarf Necromancer on Sept 18, 2015.
             Slain by a gnoll
             ... wielding a +0 halberd
              (13 damage)
             ... on level 2 of the Dungeon.
             The game lasted 00:19:14 (1419 turns).

Enno the Grave Robber (Deep Dwarf Necromancer)      Turns: 1419, Time: 00:19:14

Health: -1/28      AC:  2    Str: 11    XL:     3   Next: 71%
Magic:  3/6        EV: 12    Int: 16    God:
Gold:   28         SH:  0    Dex: 13    Spells: 3 memorised, 2 levels left

rFire  . . .     SeeInvis .     l - +0 war axe
rCold  . . .     Clarity  .     a - +0 robe
rNeg   . . .     SustAt   .     (no shield)
rPois  .         Gourm    .     (no helmet)
rElec  .         Spirit   .     (no cloak)
rCorr  .         Warding  .     (no gloves)
rMut   .         Stasis   .     (no boots)
MR     +....                    (no amulet)
Stlth  ++........               (no ring)
                                h - ring of protection from magic

@: very slightly contaminated, non-regenerating, somewhat resistant to hostile
enchantments, unstealthy
A: damage resistance, recharge devices, sense surroundings 1, slow healing 3
a: Device Recharging


You were on level 2 of the Dungeon.
You were not hungry.

You visited 1 branch of the dungeon, and saw 2 of its levels.

You collected 28 gold pieces.

Inventory:

Hand weapons
 e - a +0 dagger
 l - a +0 war axe (weapon)
Armour
 a - a +0 robe (worn)
Jewellery
 h - a ring of protection from magic (left hand)
Magical devices
 c - a wand of heal wounds (4)
Scrolls
 d - a scroll of enchant weapon {unknown}
 f - 3 scrolls of identify {unknown}
 g - a scroll of recharging {unknown}
 i - a scroll of immolation {unknown}
 k - 2 scrolls of remove curse {unknown}
Books
 b - a book of Necromancy

   Spells                             Type                      Level
   a - Pain                           Necromancy                   1
   b - Animate Skeleton               Necromancy                   1
   c - Vampiric Draining              Necromancy                   3
   d - Regeneration                   Charms/Necromancy            3
   e - Animate Dead                   Necromancy                   4
   f - Control Undead                 Necromancy                   4
Comestibles
 j - a meat ration
 m - a chunk of flesh


   Skills:
 + Level 2.5 Dodging
 + Level 2.5 Stealth
 + Level 2.6 Spellcasting
 + Level 5.0 Necromancy


You had 2 spell levels left.
You knew the following spells:

 Your Spells              Type           Power        Failure   Level  Hunger
a - Pain                  Necr           ###.         2%          1    #......
b - Animate Skeleton      Necr           N/A          2%          1    #......
c - Vampiric Draining     Necr           ###.......   10%         3    ###....


Dungeon Overview and Level Annotations

Branches:
Dungeon (2/15)

Altars:


Innate Abilities, Weirdness & Mutations

You are resistant to damage.
You can recharge devices by infusing magical energy.
You passively map a small area around you.
You do not heal naturally.


Message History

You slash the gnoll!
The gnoll is almost dead.
The gnoll closely misses you.
You closely miss the gnoll.
The gnoll is almost dead.
The gnoll hits you but does no damage.
You barely miss the gnoll.
The gnoll is almost dead.
The gnoll closely misses you.
You slash the gnoll!
You kill the gnoll!
The gnoll closely misses you.
You hit the gnoll but do no damage.
The gnoll is almost dead.
The gnoll closely misses you. The gnoll hits you with a flail!
You slash the gnoll!
You kill the gnoll!
The gnoll hits you from afar with a halberd.
The gnoll hits you from afar with a halberd!
You die...

#.# * ..# *
#.# ,## #Z#
,* #.# , #.#
, ####.# *
#...#.......
,
#.##.##.####
#@# .# # ###
#)# .# * #.#
#g#,## #.#
#g# * ..###
#.#.# ,*
....# #.#.##
* .##.#
#........ ,
.##.#
#...###.#
.##.#######
#....., *


You could see 2 gnolls.

Vanquished Creatures
  2 gnolls (D:2)
  An ooze (D:1)
  A giant gecko (D:2)
  3 goblins
  4 hobgoblins (D:1)
  A ball python (D:2)
  5 bats
  3 giant newts (D:1)
  8 kobolds
  2 rats (D:2)
30 creatures vanquished.

Vanquished Creatures (collateral kills)
  A ball python (D:1)
  A bat (D:1)
  2 goblins (D:1)
4 creatures vanquished.

Grand Total: 34 creatures vanquished

Notes
Turn   | Place    | Note
--------------------------------------------------------------
     0 | D:1      | Enno the Deep Dwarf Necromancer began the quest for the Orb.
     0 | D:1      | Reached XP level 1. HP: 15/15 MP: 3/3
    75 | D:1      | Learned a level 1 spell: Animate Skeleton
   258 | D:1      | Reached XP level 2. HP: 19/22 MP: 1/4
   824 | D:1      | Reached XP level 3. HP: 16/28 MP: 2/6
   977 | D:1      | Learned a level 3 spell: Vampiric Draining
  1078 | D:2      | Reached skill level 5 in Necromancy
  1419 | D:2      | Slain by a gnoll

Vault maps used:
D:1:      lemuel_arrival_funnel, grunt_decor_one_mirror, hangedman_decor_lopped,
          minmay_misc_feat_tiny
D:2:      uniq_crazy_yiuf_cottage

Action                   || total
-------------------------++-------
Melee: Dagger            ||     7
       War axe           ||     7
 Cast: Pain              ||    57
       Animate Skeleton  ||     5
Evoke: Wand              ||     1
  Eat: Bread ration      ||     1
